AoeStats
← cmd

Socotra

505049500Analyzed
2v2 RM · 24d ago on Sep 7, 2026· 50m 41s· 4 players
Game mode
Random Map
Map size
Tiny (2 player)
Population
200
Speed
Normal
Resources
Standard
Victory
Conquest
Starting age
Dark Age
Ending age
Imperial Age
RankedLock teamsTeams togetherTeam positionsShared explorationLock speedFull tech treeHidden civsTurbo modeCheats
Victory
Defeat
🇨🇦 Inca · Canada
964
+14
🇨🇦 Koreans · Canada
914
+16
🇩🇪 Romans · Germany
950
-16
🇩🇪 Mongols · Germany
898
-14
helo
7:06 Loom
10:37 Feudal Age
12:08 Man-at-Arms
16:10 Scale Mail Armor
19:40 Town Watch
20:48 Wheelbarrow
20:24 Horse Collar
31:47 Castle Age
32:10 Forging
33:05 Pikeman
39:44 Long Swordsman
41:34 Double-Bit Axe
49:42 Imperial Age
48:52 Squires
49:11 Chain Mail Armor
49:31 Iron Casting
cmd
10:06 Loom
12:35 Feudal Age
13:29 Double-Bit Axe
17:28 Gold Mining
18:35 Fletching
22:09 Castle Age
22:10 Padded Archer Armor
22:47 Bodkin Arrow
22:20 Crossbowman
24:18 Horse Collar
29:09 Thumb Ring
35:35 Stone Mining
39:39 Leather Archer Armor
47:07 Imperial Age
45:23 Wheelbarrow
45:01 Bow Saw
46:15 Gold Shaft Mining
48:04 Ballistics
49:11 Hand Cart
48:23 Arbalester
50:53 Chemistry
Who's_your_doggie?
3:28 Loom
10:35 Feudal Age
11:25 Champi Runner
13:31 Arson
14:20 Fletching
16:44 Scale Mail Armor
17:38 Town Watch
18:09 Double-Bit Axe
20:36 Wheelbarrow
21:00 Padded Archer Armor
26:27 Castle Age
24:45 Horse Collar
26:57 Stone Mining
27:50 Crossbowman
28:59 Bow Saw
28:32 Champi Warrior
30:36 Hand Cart
30:28 Heavy Plow
38:43 Squires
39:06 Chain Mail Armor
43:39 Town Patrol
44:14 Gold Mining
47:27 Imperial Age
46:33 Forging
48:17 Thumb Ring
49:16 Ballistics
48:53 Murder Holes
49:08 Arbalester
49:11 Elite Skirmisher
jimminybillybob
1:12 Loom
14:08 Feudal Age
14:23 Man-at-Arms
21:44 Double-Bit Axe
28:27 Castle Age
27:11 Forging
27:16 Fletching
29:16 Husbandry
30:36 Iron Casting
31:33 Scale Barding Armor
39:00 Ballistics
38:41 Murder Holes
38:43 Pikeman
40:07 Masonry
44:35 Bow Saw
45:12 Bodkin Arrow
50:27 Wheelbarrow
Connection lost

Rejoining the realm…

Still unreachable

The connection could not be restored.

Session expired

The server has moved on; the page needs a fresh start.